Unix NetHack Version 5.0.0-0 post-release - last build May 23 2026 06:08:33 (1c0ff79ee797540d5714e4e18072db0edd9e58ae,branch:main).

Game began 2026-05-20 01:34:17, ended 2026-05-24 21:58:21.

DoomChicken, chaotic female elven Priestess

                        ---------------------------------
     -------    ########-...-..|..|..|.......-..|..|..|.|
     |.....|    #       |...|..|..|..|.......|..|..|..-.|
     |.....-#####a@#%###|...----|---|-.......-----|----.|
     |...>.|    #      #|...............................|
     |.....|  ###      #|...--|---|---..........-----|-.|
     |......###        #|...|...|....|{.........|..|..|.|
     -------           #|...|%%%|....|..........|..|..|.|
                       #|...|%!%|._..|..........--|----.|
                       #|...|%%%|.%..|....{.............|
                       #|...|----------.------...------.|
                       #|...|....|....|.-.(((|...|.!(+|.|
                       #|...%....|....|.|.(((|...|.%..-.|
                       #|...|.[(.|....-.|.(((|...|!%*)|.|
                       #|...-----------.------...------%|
                       #|...............................|
                       #---------------------------------

DoomChicken the Adept        St:15 Dx:12 Co:14 In:13 Wi:17 Ch:7  Chaotic
Dlvl:6  $:0  HP:0(40) Pw:67(67) AC:3  Xp:6 T:3013  Burdened

Latest messages:
 The killer bee stings!
 The killer bee just misses!
 You miss the killer bee.
 The killer bee just misses!
 The killer bee stings!
 The killer bee's sting was poisoned!
 You hit the killer bee!
 The killer bee stings!
 The killer bee's sting was poisoned!
 You kill the killer bee!
 You see here a killer bee corpse.
 You kill the lichen!
 You hear someone cursing shoplifters.
 You see here a killer bee corpse.
 The killer bee stings!
 The killer bee misses!
 You miss the killer bee.
 The killer bee stings!
 You miss the killer bee.
 The killer bee stings!
 The killer bee misses!
 The killer bee misses!
 The killer bee stings!
 You kill the killer bee!
 The killer bee stings!
 You miss the killer bee.
 The killer bee stings!
 You miss the killer bee.
 The killer bee stings!
 The killer bee stings!
 The killer bee misses!
 You miss the killer bee.
 The killer bee stings!
 The killer bee misses!
 You miss the killer bee.
 The killer bee misses!
 You miss the killer bee.
 The killer bee just misses!
 The killer bee stings!
 The killer bee stings!
 You miss the killer bee.
 The killer bee stings!
 The killer bee's sting was poisoned!
 Elf is about to die.
 You die...
 Do you want your possessions identified? [ynq] (y) y
 Do you want to see your attributes? [ynq] (y) y
 Do you want an account of creatures vanquished? [ynaq] (y) y
 Do you want to see your conduct and achievements? [ynq] (y) y
 Do you want to see the dungeon overview? [ynq] (y) y

Inventory:
 Weapons  (')')
  U - a blessed +0 sling (alternate weapon; not wielded)
  a - a blessed +1 mace (weapon in right hand)
 Armor    ('[')
  G - a blessed +0 pair of iron shoes
  C - a blessed +1 splint mail (being worn)
 Spellbooks  ('+')
  d - a spellbook of cure blindness
 Wands    ('/')
  h - a wand of digging (0:7)
  I - a wand of digging (0:4)
  S - a cursed wand of secret door detection (0:11)
 Tools    ('(')
  b - a sack containing 16 items
 Gems/Stones  ('*')
  x - a jade stone (in quiver pouch)
  c - a worthless piece of orange glass
  H - a worthless piece of white glass

Contents of the sack:
  894 gold pieces
  a +0 mace
  a +0 robe
  9 food rations
  a tripe ration
  a scroll of charging
  a scroll of confuse monster
  a scroll of create monster
  2 scrolls of enchant armor
  a potion of extra healing
  2 potions of healing
  3 potions of see invisible
  a +2 ring of adornment
  a tallow candle
  a tin whistle
  a cursed tinning kit (0:61)

DoomChicken the Priestess's attributes:

Background:
 You were an Adept, a level 6 elven Priestess.
 You were chaotic, on a mission for Manannan Mac Lir
 who was opposed by Lugh (lawful) and Brigit (neutral).
 You were right-handed.
 You were in the Gnomish Mines, on level 6.
 You entered the dungeon 3013 turns ago.
 You had 621 experience points, 19 more were needed to attain level 7.

Basics:
 You had 0 out of 40 hit points.
 You had all 67 energy points (spell power).
 Your armor class was 3.
 Your wallet was empty, but
 you had 894 zorkmids stashed away in your pack.
 Autopickup was on for '?!/"$=+' plus thrown.

Final Characteristics:
 Your strength was 15 (limit:18).
 Your dexterity was 12 (limit:18).
 Your constitution was 14 (limit:16).
 Your intelligence was 13 (limit:20).
 Your wisdom was 17 (limit:20).
 Your charisma was 7 (limit:18).

Final Status:
 You weren't hungry.
 You were burdened; movement was slightly slowed.
 You were wielding a mace.
 You were skilled in mace.

Final Attributes:
 You were piously aligned.
 You were sleep resistant.
 You had infravision.
 You were warded.
 Your spell casting was impaired by metallic armor.
 You are dead.

Miscellaneous:
 You encountered 2 bones levels.
 Total elapsed playing time was 1 hour, 1 minute and 24 seconds.

Major events:
 Turn
    1: DoomChicken the chaotic elven Priestess entered the dungeon
 1071: attained the rank of Acolyte (level 3)
 1238: entered the Gnomish Mines
 2011: reached Mine Town
 2238: attained the rank of Adept (level 6)
 3013: killed by a killer bee

Spells:
 Name                 Level Category     Fail Retention
 protection             1   clerical      61%   81%-90%
 cure sickness          3   healing      100%  76%-100%

Skills:
 Fighting Skills
   bare handed combat [Unskilled]
 Weapon Skills
   club               [Unskilled]
   mace               [Skilled]
   morning star       [Unskilled]
   flail              [Unskilled]
   hammer             [Unskilled]
   quarterstaff       [Unskilled]
   polearms           [Unskilled]
   spear              [Unskilled]
   trident            [Unskilled]
   lance              [Unskilled]
   bow                [Unskilled]
   sling              [Unskilled]
   crossbow           [Unskilled]
   dart               [Unskilled]
   shuriken           [Unskilled]
   boomerang          [Unskilled]
   unicorn horn       [Unskilled]
 Spellcasting Skills
   healing spells     [Unskilled]
   divination spells  [Unskilled]
   clerical spells    [Basic]

Voluntary challenges:
 Character rerolling was not enabled.
 You never genocided any monsters.
 You never polymorphed an object.
 You never changed form.
 You used no wishes.
Achievements:
 You entered a shop.
 You attained the rank of Acolyte.
 You entered the Gnomish Mines.
 You entered Minetown.
 You entered a temple.
 You attained the rank of Adept.

 The Dungeons of Doom: levels 1 to 3
    Level 1:
       An altar to Manannan Mac Lir.
    Level 2:
       A potion shop, a fountain.
    Level 3:
       A fountain.
       Stairs down to The Gnomish Mines.
 The Gnomish Mines: levels 4 to 7
    Level 4:
    Level 5:
    Level 6: <- You were here.
       Some shops, a temple and an altar to Manannan Mac Lir, some fountains, a grave.
       Final resting place for
          you, killed by a killer bee,
          BeardyHaddock-Arc-Gno-Mal-Neu, killed by an imp.
    Level 7:
       Final resting place for
          jvanheel-Rog-Hum-Mal-Cha, killed by a white unicorn.


Vanquished creatures:
  a watch captain
  a ghost
  a small mimic
  2 wolves
  a rock piercer
  a gnome leader
  a little dog
  2 dwarves
  2 hill orcs
  a rothe
  a rabid rat
 an orc zombie
  a wererat
  2 iguanas
  2 killer bees
  2 coyotes
 15 gnomes
  4 garter snakes
  a gnome zombie
  4 geckos
  6 jackals
  a fox
  2 kobolds
  3 goblins
  4 sewer rats
  7 grid bugs
  a bat
  5 lichens
  3 newts
78 creatures vanquished.

No species were genocided or became extinct.

Game over:
                       ----------
                      /          \
                     /    REST    \
                    /      IN      \
                   /     PEACE      \
                  /                  \
                  |   DoomChicken    |
                  |      894 Au      |
                  |   killed by a    |
                  |    killer bee    |
                  |                  |
                  |                  |
                  |       2026       |
                 *|     *  *  *      | *
        _________)/\\_//(\/(/\)/\//\/|_)_______

Goodbye DoomChicken the Priestess...

You died in The Gnomish Mines on dungeon level 6 with 3599 points,
and 894 pieces of gold, after 3013 moves.
You were level 6 with a maximum of 40 hit points when you died.

